 Dungeon Crawl Stone Soup version 0.25-a0-578-gc91f01c39c (webtiles) character file.

Game seed: 8033285507206137173, levelgen mode: deterministic

78192 hittemvvvvvhard the Cleaver (level 15, -16/124 HPs)
             Began as a Grey Draconian Wanderer on Mar 6, 2020.
             Was a High Priest of Makhleb.
             Killed from afar by a deep elf knight (33 damage)
             ... with a shard of ice
             ... on level 15 of the Dungeon on Mar 8, 2020.
             The game lasted 01:30:23 (39511 turns).

hittemvvvvvhard the Cleaver (DrWn)                 Turns: 39511, Time: 01:30:23

Health: -16/124    AC: 19    Str: 12    XL:     15   Next: 17%
Magic:  6/21       EV: 15    Int: 22    God:    Makhleb [*****.]
Gold:   1833       SH:  0    Dex: 10    Spells: 9/22 levels left

rFire    . . .     SeeInvis +   a - +6 battleaxe "Ygucyoth" {pain, rElec}
rCold    . . .     Gourm    .   (shield currently unavailable)
rNeg     . . .     Faith    +   (armour unavailable)
rPois    .         Spirit   .   (helmet restricted)
rElec    +         Reflect  .   F - +1 cloak
rCorr    .         Harm     .   (no gloves)
MR       ++...                  m - +2 pair of boots
Stlth    +.........             G - amulet of faith {Faith, !P}
HPRegen  0.30/turn              S - ring of the Scarab {rElec SInv}
MPRegen  0.17/turn              M - ring of protection from magic

@: lethally poisoned (-16 -> -17)
A: walk through water, unfitting armour, unbreathing, cold-blooded, AC +14
a: Minor Destruction, Lesser Servant of Makhleb, Major Destruction, Greater
Servant of Makhleb, Renounce Religion


You were on level 15 of the Dungeon.
You worshipped Makhleb.
Makhleb was extremely pleased with you.
You were hungry.

You visited 3 branches of the dungeon, and saw 23 of its levels.

You collected 1833 gold pieces.

Inventory:

Hand Weapons
 a - the +6 battleaxe "Ygucyoth" (weapon) {pain, rElec}
   (You found it on level 7 of the Dungeon)

   In the hands of one skilled in necromantic magic, it inflicts extra damage on
   living creatures.
   It insulates you from electricity.
Missiles
 o - 3 javelins (quivered)
 q - 589 arrows
 z - 18 boomerangs
 A - 4 throwing nets {=f}
 J - 4 boomerangs of dispersal {=f}
 K - 51 poisoned darts
 O - 10 silver javelins
 Q - 174 bolts
 R - 5 curare-tipped darts
Armour
 m - a +2 pair of boots (worn)
 F - a +1 cloak (worn)
Magical Staves
 Y - an uncursed staff of conjuration {unknown}
Jewellery
 v - an uncursed ring of protection from cold
 w - an uncursed ring of ice {rC+, rF-}
 G - an amulet of faith (around neck) {Faith, !P}
 I - an uncursed ring of protection from cold
 M - a ring of protection from magic (right hand)
 N - an uncursed ring of positive energy {rN+}
 S - the ring of the Scarab (left hand) {rElec SInv}
   (You found it on level 7 of the Dungeon)

   [ring of see invisible]

   It insulates you from electricity.
   It lets you see invisible.
 Z - an uncursed ring of positive energy {rN+}
Wands
 d - a wand of disintegration (25)
 j - a wand of paralysis (10)
 x - a wand of flame (64)
 D - a wand of digging (7)
Scrolls
 c - a scroll of acquirement {unknown}
 f - 9 scrolls of remove curse
 g - 2 scrolls of magic mapping {!r}
 i - a scroll of identify
 l - 5 scrolls of blinking {!r}
 t - 3 scrolls of teleportation
 y - 2 scrolls of fog
 L - a scroll of enchant armour
 T - 2 scrolls of enchant weapon
 W - a scroll of brand weapon {unknown}
Potions
 k - a potion of ambrosia {unknown}
 n - 3 potions of resistance
 p - 3 potions of curing
 r - a potion of invisibility
 u - 2 potions of berserk rage {!q}
 B - 5 potions of mutation {!q}
 C - 2 potions of cancellation
 E - 4 potions of haste
 H - 4 potions of heal wounds
 P - 3 potions of might
 U - 4 potions of flight {unknown}
Miscellaneous
 b - a phantom mirror
 s - a lightning rod (4/4)
 V - a sack of spiders
 X - 2 boxes of beasts
Comestibles
 e - 33 rations


   Skills:
 + Level 9.0 Fighting
 + Level 14.0 Axes
   Level 11.2(11.3) Slings
 - Level 1.0(7.2) Throwing
 + Level 8.2 Dodging
   Level 4.0 Shields
 - Level 4.0 Spellcasting
 - Level 10.0 Necromancy
 - Level 3.1 Translocations
   Level 1.0 Fire Magic
 - Level 10.0 Earth Magic
   Level 3.0 Poison Magic
 - Level 5.0 Invocations
 - Level 4.9 Evocations


You had 9 spell levels left.
You knew the following spells:

 Your Spells              Type           Power        Failure   Level  Hunger
a - Sandblast             Erth           #####.       1%          1    None
b - Borgnjor's Vile Clut  Necr/Erth      #####.....   4%          5    ######.
c - Blink                 Tloc           N/A          4%          2    #......
g - Apportation           Tloc           ###...       3%          1    None
A - Animate Dead          Necr           N/A          1%          4    ####...

Your spell library contained the following spells:

 Spells                   Type           Power        Failure   Level  Hunger
 Stone Arrow              Conj/Erth      ####..       4%          3    ###....
 Corona                   Hex            #......      11%         1    None
 Portal Projectile        Hex/Tloc       ##....       19%         3    ###....
 Recall                   Summ/Tloc      N/A          19%         3    ###....
 Spectral Weapon          Hex/Chrm       #.......     32%         3    ###....
 Tukima's Dance           Hex            #.......     32%         3    ###....
 Cause Fear               Hex            #.........   73%         4    ####...
 Ice Form                 Ice/Tmut       #.......     73%         4    ####...
 Summon Forest            Summ/Tloc      ##........   86%         5    ######.
 Simulacrum               Ice/Necr       ####......   91%         6    #######
 Statue Form              Tmut/Erth      ####.....    91%         6    #######
 Aura of Abjuration       Summ           #.........   97%         5    ######.
 Irradiate                Conj/Tmut      #.........   97%         5    ######.
 Metabolic Englaciation   Hex/Ice        #.........   97%         5    ######.
 Silence                  Hex/Air        #.........   97%         5    ######.
 Summon Demon             Summ           #.........   97%         5    ######.
 Summon Mana Viper        Hex/Summ       #.......     97%         5    ######.
 Yara's Violent Unravell  Hex/Tmut       #.........   97%         5    ######.
 Deflect Missiles         Chrm/Air       #.........   100%        6    #######
 Eringya's Noxious Bog    Tmut/Pois      ##........   100%        6    #######
 Freezing Cloud           Conj/Ice/Air   #.........   100%        6    #######
 Hydra Form               Tmut           #.........   100%        6    #######
 Ozocubu's Refrigeration  Ice            #.........   100%        6    #######
 Shadow Creatures         Summ           N/A          100%        6    #######
 Dragon Form              Tmut           #.........   100%        7    #######
 Discord                  Hex            #.........   100%        8    #######


Dungeon Overview and Level Annotations

Branches:
Dungeon (15/15)            Temple (0/1) D:7            Lair (6/6) D:9
  Swamp (0/4) Lair:3       Spider (0/4) Lair:3        Slime (0/5) Lair:6
    Orc (2/2) D:12         Vaults (0/5) D:14
    Elf: Orc:2       Depths: D:15

Altars:
Ashenzari
Cheibriados
Kikubaaqudgha
Makhleb
Nemelex Xobeh
Qazlal
Ru
Xom
Zin
Jiyva

Shops:
Orc:1 (

Annotations:
D:2 exclusion: downstairs
D:5 exclusion: downstairs
D:6 exclusion: downstairs
D:7 exclusion: downstairs
D:9 exclusion: downstairs
D:10 exclusion: 2 downstairs
D:11 exclusion: downstairs
D:12 exclusion: downstairs
Lair:1 3 runed translucent doors, Xutuduuch's ghost, journeyman DDFi
Orc:1 2 transporters, exclusion: 2 downstairs, Lepnus's ghost, adept GrFi


Innate Abilities, Weirdness & Mutations

You can walk through water.
Your dull iron-grey scales are very hard. (AC +14)
You cannot fit into any form of body armour.
You can survive without breathing.
You are cold-blooded and may be slowed by cold attacks.


Message History

The zombie hands constrict the deep elf knight!
You feel sick.
The deep elf knight hits you with a +0 scimitar!
The deep elf knight hits you but does no damage.
You take 13 damage, and have 86/124 hp.
You now have 6/21 mp.
You slash the deep elf knight!
The deep elf knight writhes in agony.
The zombie hands constrict the deep elf knight!
The deep elf knight gestures at you while chanting.
The shard of ice hits you!!
* * * LOW HITPOINT WARNING * * *
You take 33 damage, and have 53/124 hp.
MASSIVE DAMAGE!!
The deep elf knight blocks your attack.
The zombie hands constrict the deep elf knight!
The deep elf knight gestures at you while chanting.
The shard of ice hits you!!!
* * * LOW HITPOINT WARNING * * *
The deep elf knight casts a spell at you.
The shard of ice hits you!!
You die...

. ....# . ....# .#
....# ####.###....#
...#.......#
#.........# #.#..e....#
#(.(@)....#
##############(#Z#....#
.......)......(..# ...#
##############.#.# ..#
#.#.# ## ..#.# ...#.#
....#.# .....#.#

Skill      XL: |  1  2  3  4  5  6  7  8  9 10 11 12 13 14 15 |
---------------+----------------------------------------------+-----
Axes           | 2 3 8 11 13 14 | 14.0
Slings         | 1 2 3 4 6 9 11 | 11.2
Shields        | 1 3 4 |  4.0
Evocations     | 4 |  4.9
Invocations    | 5 |  5.0
Dodging        | 4 6 7 8 |  8.2
Fighting       | 6 8 9 |  9.0
Necromancy     | 3 8 10 | 10.0
Earth Magic    | 2 9 10 | 10.0
Spellcasting   | 3 4 |  4.0
Translocations | 3 |  3.1
Throwing       | |  1.0
Fire Magic     | |  1.0
Poison Magic   | |  3.0

Notes
Turn   | Place    | Note
-------+----------+-------------------------------------------
     0 | D:1      | hittemvvvvvhard the Draconian Wanderer began the quest for
                  | the Orb.
     0 | D:1      | hittemvvvvvhard set off with the following items: a +2 hand
                  | axe, a potion of lignification {!q}, a ration; and the
                  | following spell memorised: Sandblast; and the following
                  | spells available to memorise: Stone Arrow
     0 | D:1      | Reached XP level 1. HP: 17/17 MP: 2/2
   377 | D:1      | Reached skill level 2 in Axes
   470 | D:1      | Reached XP level 2. HP: 24/24 MP: 3/3
  1029 | D:1      | Reached skill level 3 in Axes
  1029 | D:1      | Reached XP level 3. HP: 29/29 MP: 4/4
  1117 | D:2      | Noticed Terence
  1483 | D:1      | Killed Terence
  1827 | D:1      | Reached skill level 1 in Slings
  1827 | D:1      | Reached XP level 4. HP: 29/36 MP: 3/5
  2295 | D:2      | Reached skill level 2 in Slings
  2605 | D:2      | Found a burning altar of Makhleb.
  2615 | D:2      | Reached XP level 5. HP: 39/41 MP: 6/6
  2636 | D:2      | Became a worshipper of Makhleb the Destroyer
  3169 | D:3      | Reached skill level 3 in Slings
  3377 | D:3      | Found a shattered altar of Ashenzari.
  3785 | D:3      | Found an ancient bone altar of Kikubaaqudgha.
  4464 | D:4      | Reached skill level 1 in Shields
  4727 | D:4      | Reached XP level 6. HP: 48/48 MP: 7/7
  4847 | D:4      | Reached skill level 2 in Shields
  4850 | D:4      | Reached * piety under Makhleb
  4903 | D:4      | Found a snail-covered altar of Cheibriados.
  5136 | D:4      | Reached skill level 4 in Slings
  5377 | D:5      | Entered Level 5 of the Dungeon
  5490 | D:5      | Reached skill level 3 in Shields
  5754 | D:5      | Your scales start taking on a dull iron-grey colour.
  5754 | D:5      | Reached XP level 7. HP: 51/55 MP: 8/8
  5754 | D:5      | Gained mutation: You can survive without breathing. [Grey
                  | Draconian growth]
  6054 | D:5      | Found a sparkling altar of Nemelex Xobeh.
  6574 | D:5      | Reached skill level 2 in Evocations
  6747 | D:6      | Noticed a two-headed ogre
  7080 | D:6      | Reached skill level 5 in Slings
  7080 | D:6      | Reached skill level 4 in Shields
  7218 | D:4      | Killed a two-headed ogre
  7218 | D:4      | Reached skill level 6 in Slings
  7218 | D:4      | Reached skill level 4 in Evocations
  7218 | D:4      | Reached XP level 8. HP: 58/61 MP: 7/11
  7490 | D:6      | Found a glowing silver altar of Zin.
  7686 | D:6      | Reached skill level 7 in Slings
  7898 | D:7      | Found a shimmering altar of Xom.
  7898 | D:7      | Noticed a two-headed ogre
  7909 | D:7      | Killed a two-headed ogre
  7909 | D:7      | Reached ** piety under Makhleb
  7909 | D:7      | Reached skill level 9 in Slings
  7909 | D:7      | Reached XP level 9. HP: 36/67 MP: 6/12
  8415 | D:7      | Reached skill level 10 in Slings
  8609 | D:7      | Noticed a two-headed ogre
  9086 | D:7      | Found a staircase to the Ecumenical Temple.
  9616 | D:8      | Reached skill level 11 in Slings
  9759 | D:7      | Reached XP level 10. HP: 73/73 MP: 13/13
  9920 | D:7      | Reached *** piety under Makhleb
 10099 | D:7      | Identified the Handbook of Unstable Enchantment
 10103 | D:7      | Got a translucent battleaxe
 10109 | D:7      | Identified the +6 battleaxe "Ygucyoth" {pain, rElec} (You
                  | found it on level 7 of the Dungeon)
 10113 | D:7      | Identified Qunauk's Volume of Unholy Translocation
 10120 | D:7      | Got a flickering wooden ring
 10121 | D:7      | Identified the ring of the Scarab {rElec SInv} (You found
                  | it on level 7 of the Dungeon)
 10401 | D:7      | Reached skill level 4 in Axes
 10525 | D:7      | Reached skill level 1 in Invocations
 10567 | D:8      | Noticed a manticore
 11003 | D:7      | Found a sacrificial altar of Ru.
 11028 | D:7      | Learned a level 4 spell: Animate Dead
 11034 | D:7      | Learned a level 5 spell: Borgnjor's Vile Clutch
 11036 | D:7      | Learned a level 1 spell: Apportation
 11157 | D:7      | Killed a two-headed ogre
 11157 | D:7      | Reached skill level 5 in Axes
 11157 | D:7      | Reached skill level 2 in Invocations
 11808 | D:7      | Reached skill level 3 in Invocations
 12131 | D:8      | Reached skill level 6 in Axes
 12169 | D:8      | Killed a manticore
 12358 | D:8      | Reached skill level 4 in Invocations
 12837 | D:8      | Reached skill level 7 in Axes
 13580 | D:9      | Noticed Maurice
 13587 | D:9      | Killed Maurice
 13587 | D:9      | Reached skill level 5 in Invocations
 13660 | D:9      | Reached **** piety under Makhleb
 13673 | D:9      | Reached skill level 8 in Axes
 13846 | D:9      | Found a staircase to the Lair.
 14093 | D:9      | Reached XP level 11. HP: 53/79 MP: 5/14
 14593 | D:10     | Entered Level 10 of the Dungeon
 14692 | D:10     | Noticed Sonja
 14695 | D:10     | Killed Sonja
 14695 | D:10     | Reached skill level 9 in Axes
 14710 | D:10     | Noticed a two-headed ogre
 14719 | D:10     | Killed a two-headed ogre
 15339 | D:10     | Reached skill level 10 in Axes
 15473 | D:10     | Found a stormy altar of Qazlal.
 15485 | D:10     | Noticed Joseph
 15495 | D:10     | Killed Joseph
 15964 | D:11     | Noticed a white ugly thing
 15973 | D:11     | Noticed a green ugly thing
 15982 | D:10     | Killed a white ugly thing
 16113 | D:11     | Noticed a green ugly thing
 16510 | D:10     | Killed a brown ugly thing
 16510 | D:10     | Reached skill level 11 in Axes
 17060 | D:11     | Reached skill level 1 in Dodging
 17288 | D:11     | Noticed a white ugly thing
 17296 | D:11     | Killed a green ugly thing
 17533 | D:11     | Reached ***** piety under Makhleb
 17533 | D:11     | Reached skill level 2 in Dodging
 18241 | D:11     | Reached skill level 3 in Dodging
 18249 | D:11     | Killed a green ugly thing
 18545 | D:11     | Noticed an unseen horror
 18552 | D:11     | Killed an unseen horror
 18970 | Lair:1   | Entered Level 1 of the Lair of Beasts
 19175 | Lair:1   | Reached skill level 4 in Dodging
 19208 | Lair:1   | Got a shimmering emerald amulet
 19218 | Lair:1   | Identified the amulet of the Catamount {Reflect *Slow rC+
                  | rN+ SH+3} (You found it on level 1 of the Lair of Beasts)
 19255 | Lair:1   | Reached XP level 12. HP: 59/85 MP: 15/15
 19256 | Lair:1   | Reached skill level 12 in Axes
 19422 | Lair:1   | Found a runed translucent gate.
 19422 | Lair:1   | Found a runed translucent gate.
 19422 | Lair:1   | Found a runed translucent gate.
 19427 | Lair:1   | Noticed Xutuduuch's ghost (journeyman DDFi)
 19427 | Lair:1   | Noticed a six-headed hydra
 19438 | Lair:1   | Killed a six-headed hydra
 19872 | Lair:1   | Found a viscous altar of Jiyva.
 19905 | Lair:1   | Reached skill level 5 in Dodging
 20534 | Lair:2   | Reached skill level 6 in Dodging
 20607 | Lair:2   | Reached skill level 3 in Fighting
 20887 | Lair:2   | Reached skill level 4 in Fighting
 21159 | Lair:2   | Learned a level 2 spell: Blink
 21217 | Lair:2   | Noticed a five-headed hydra
 21224 | Lair:2   | Killed a five-headed hydra
 21413 | Lair:2   | Reached skill level 5 in Fighting
 22605 | Lair:3   | Reached skill level 6 in Fighting
 22776 | Lair:3   | Reached skill level 13 in Axes
 22952 | Lair:3   | Reached skill level 1 in Necromancy
 22952 | Lair:3   | Reached skill level 1 in Earth Magic
 22982 | Lair:3   | Noticed a four-headed hydra
 22991 | Lair:3   | Killed a four-headed hydra
 22991 | Lair:3   | Reached skill level 2 in Spellcasting
 23037 | Lair:3   | Reached skill level 2 in Necromancy
 23269 | Lair:3   | Found a hole to the Spider Nest.
 23586 | Lair:3   | Found a staircase to the Swamp.
 23586 | Lair:3   | Noticed a four-headed hydra
 23599 | Lair:3   | Killed a four-headed hydra
 23599 | Lair:3   | Reached skill level 2 in Earth Magic
 23811 | Lair:3   | Reached skill level 3 in Spellcasting
 23811 | Lair:3   | Reached skill level 3 in Necromancy
 23982 | Lair:4   | Reached XP level 13. HP: 102/102 MP: 17/17
 24210 | Lair:4   | Reached skill level 3 in Earth Magic
 24609 | Lair:4   | Reached skill level 4 in Necromancy
 24611 | Lair:4   | Reached skill level 4 in Spellcasting
 25474 | Lair:5   | Reached skill level 4 in Earth Magic
 25486 | Lair:5   | Reached skill level 5 in Necromancy
 26503 | Lair:6   | Entered Level 6 of the Lair of Beasts
 26727 | Lair:6   | Reached skill level 6 in Necromancy
 26937 | Lair:6   | Reached skill level 5 in Earth Magic
 27038 | Lair:6   | Reached skill level 7 in Necromancy
 27309 | Lair:6   | Found a viscous altar of Jiyva.
 27310 | Lair:6   | Found a staircase to the Slime Pits.
 27328 | Lair:6   | Reached skill level 6 in Earth Magic
 27519 | Lair:6   | Noticed Josephine
 27525 | Lair:6   | Killed Josephine
 27808 | Lair:6   | Reached skill level 7 in Earth Magic
 27882 | Lair:6   | HP: 10/102 [death yak (23)]
 28176 | Lair:6   | Reached skill level 8 in Earth Magic
 28460 | Lair:6   | Reached skill level 8 in Necromancy
 28734 | Lair:6   | Reached skill level 9 in Earth Magic
 28997 | Lair:5   | Reached XP level 14. HP: 63/110 MP: 6/20
 29516 | Lair:6   | Reached skill level 10 in Earth Magic
 29654 | Lair:6   | Got a bloodstained dagger
 29679 | Lair:6   | Identified the +9 dagger of Bread {antimagic, Int+2 Dex+3}
                  | (You found it on level 6 of the Lair of Beasts)
 30475 | D:12     | Found a staircase to the Orcish Mines.
 30482 | D:12     | Reached skill level 9 in Necromancy
 31988 | D:12     | Reached skill level 10 in Necromancy
 32391 | Orc:1    | Entered Level 1 of the Orcish Mines
 32391 | Orc:1    | Found Caffakuw's Antique Weapon Shoppe.
 32443 | Orc:1    | Found a transporter.
 32609 | Orc:1    | Reached skill level 1 in Translocations
 32974 | Orc:1    | HP: 26/110 [ettin/+0 dire flail (41)]
 33322 | Orc:1    | Reached skill level 2 in Translocations
 33447 | Orc:1    | Noticed Lepnus's ghost (adept GrFi)
 33462 | Orc:1    | Found a transporter.
 33997 | Orc:1    | Noticed Erolcha
 34016 | Orc:1    | Killed Erolcha
 34164 | Orc:1    | Reached skill level 3 in Translocations
 34301 | Orc:2    | Entered Level 2 of the Orcish Mines
 34789 | Orc:2    | Noticed an orc warlord
 35653 | D:13     | Reached skill level 7 in Fighting
 36111 | D:13     | Reached skill level 7 in Dodging
 37900 | D:14     | Reached skill level 8 in Fighting
 38116 | D:14     | Found a gate to the Vaults.
 38267 | D:14     | Noticed Kirke
 38286 | D:14     | Killed Kirke
 38286 | D:14     | Reached XP level 15. HP: 118/123 MP: 1/21
 38690 | D:15     | Entered Level 15 of the Dungeon
 38700 | D:15     | Reached skill level 8 in Dodging
 38916 | D:15     | Noticed Nessos
 38936 | D:15     | HP: 18/123 [Nessos/arrow (14)]
 39391 | D:15     | Reached skill level 14 in Axes
 39508 | D:15     | Killed Nessos
 39508 | D:15     | Reached skill level 9 in Fighting
 39511 | D:15     | HP: 17/124 [deep elf knight/shard of ice (36)]
 39511 | D:15     | Killed from afar by a deep elf knight

Table legend:
 A = Turns spent in this place as a percentage of turns spent in the entire game.
 B = Non-inter-level travel turns spent in this place as a percentage of non-inter-level travel turns spent in the entire game.
 C = Inter-level travel turns spent in this place as a percentage of turns spent in this place.
 D = Turns resting spent in this place as a percentage of non-inter-level travel turns spent in this place.
 E = Turns spent auto-exploring this place as a percentage of non-inter-level travel turns spent in this place.
 F = Non-inter-level travel turns spent in this place divided by the number of levels of this place that you've seen.
                   A       B       C       D       E      F
               +-------+-------+-------+-------+-------+----------------------
         Total | 100.0 | 100.0 |   5.3 |   6.7 |  74.6 | 1627.0
       Dungeon |  65.0 |  64.7 |   5.7 |   6.8 |  71.9 | 1615.3
          Lair |  28.1 |  28.4 |   4.4 |   3.5 |  83.2 | 1770.8
  Orcish Mines |   6.8 |   6.9 |   5.0 |  19.8 |  63.8 | 1283.0
               +-------+-------+-------+-------+-------+----------------------

Table legend:
 A = Kills in this place as a percentage of kills in entire the game.
 B = Kills by you in this place as a percentage of kills by you in the entire game.
 C = Kills by friends in this place as a percentage of kills by friends in the entire game.
 D = Other kills in this place as a percentage of other kills in the entire game.
 E = Experience gained in this place as a percentage of experience gained in the entire game.
 F = Experience gained in this place divided by the number of levels of this place that you have seen.
                   A       B       C       D       E      F
               +-------+-------+-------+-------+-------+----------------------
         Total | 100.0 | 100.0 | 100.0 |   N/A | 100.0 | 4856.7
       Dungeon |  64.1 |  72.0 |  21.0 |   N/A |  49.3 | 3674.1
          Lair |  26.0 |  17.3 |  72.6 |   N/A |  41.9 | 7807.5
  Orcish Mines |  10.0 |  10.6 |   6.5 |   N/A |   8.7 | 4874.0
               +-------+-------+-------+-------+-------+----------------------

Action                   |  1- 3 |  4- 6 |  7- 9 | 10-12 | 13-15 || total
-------------------------+-------+-------+-------+-------+-------++-------
Melee: Hand axe          |   129 |     5 |       |       |       ||   134
       Tailslap          |     9 |     1 |       |    77 |   100 ||   187
       Battleaxe         |       |       |       |   744 |   760 ||  1504
       Unarmed           |       |       |       |     8 |       ||     8
 Fire: Hunting sling     |     3 |   414 |   494 |    62 |       ||   973
Throw: Stone             |    14 |       |       |       |       ||    14
       Javelin           |       |       |       |    46 |    12 ||    58
 Cast: Animate Dead      |       |       |       |       |    35 ||    35
       Borgnjor's Vile C |       |       |       |       |   104 ||   104
Invok: Lesser Servant of |       |       |       |    31 |    58 ||    89
       Minor Destruction |       |       |       |    48 |    57 ||   105
       Major Destruction |       |       |       |       |     1 ||     1
Evoke: Wand              |       |     2 |    24 |    37 |     5 ||    68
  Use: Scroll            |       |     9 |       |    16 |    12 ||    37
       Potion            |       |       |     2 |     5 |     4 ||    11
 Stab: Distracted        |       |       |       |     6 |    11 ||    17
       Sleeping          |       |       |       |     1 |     1 ||     2
       Petrified         |       |       |       |       |     5 ||     5
       Paralysed         |       |       |       |       |     3 ||     3
  Eat: Chunk             |     3 |     8 |    12 |    35 |    53 ||   111
       Ration            |       |     1 |       |     5 |    12 ||    18
Armor: Skin              |    47 |    80 |    87 |   483 |   406 ||  1103
Dodge: Dodged            |    86 |   129 |   111 |   617 |   696 ||  1639
Block: Buckler           |       |    18 |    47 |     8 |       ||    73

Vanquished Creatures
  Kirke (D:14)
  2 ettins
  2 vault guards (D:14)
  Erolcha (Orc:1)
  2 hydras
  3 catoblepae (Lair:6)
  4 centaur warriors
  5 two-headed ogres
  3 death yaks
  Sonja (D:10)
  An unseen horror (D:11)
  A deep troll (D:15)
  A mana viper (shapeshifter) (D:14)
  4 ugly things
  4 orc sorcerers
  4 manticores
  2 cyclopes
  4 elephants
  Maurice (D:9)
  3 black mambas (Lair:6)
  Joseph (D:10)
  An ice statue (D:13)
  A centaur skeleton (D:14)
  2 gargoyles (D:14)
  4 komodo dragons
  7 spiny frogs
  A freezing wraith (D:12)
  8 ice devils (D:13)
  A polar bear (Lair:6)
  2 blink frogs (Lair:5)
  3 trolls
  9 hippogriffs
  A dream sheep (Lair:6)
  3 shadows
  9 humans (D:14)
  3 spriggans (Lair:3)
  6 wraiths
  2 wyverns
  3 basilisks
  A hog (D:14)
  A steam dragon (D:12)
  3 hungry ghosts
  38 yaks
  4 vampire mosquitoes
  2 wargs
  12 two-headed ogre zombies (Orc:1)
  An acid dragon (D:15)
  12 water moccasins
  11 porcupines
  24 orc warriors
  2 necrophages (D:7)
  4 black bears
  2 ice beasts
  2 sky beasts
  2 eyes of draining
  2 phantoms
  12 wolves
  9 ogres
  15 centaurs
  8 crocodiles
  13 bullfrogs
  A gnoll sergeant (D:11)
  A wyvern zombie (D:14)
  3 scorpions
  2 wyvern skeletons (D:14)
  16 killer bees
  6 howler monkeys
  15 wights
  6 jellies
  2 electric eels
  5 crimson imps
  A bullfrog zombie (D:12)
  21 orc priests
  14 hounds
  A gnoll shaman (D:7)
  35 orc wizards
  3 bullfrog skeletons
  Terence (D:1)
  3 iguanas
  A hell rat (Lair:6)
  13 worker ants
  2 hound skeletons
  A howler monkey zombie (D:7)
  12 gnolls
  22 adders
  3 shadow imps
  2 ufetubi (D:13)
  An ooze (D:1)
  2 adder zombies
  2 adder skeletons (D:4)
  2 worms (D:2)
  3 dart slugs
  6 leopard geckos
  77 orcs
  5 giant cockroaches
  12 hobgoblins
  30 jackals
  7 quokkas
  2 ball pythons (D:2)
  7 bats
  4 frilled lizards
  5 goblins
  A jackal skeleton (D:7)
  7 kobolds
  2 quokka zombies
  6 rats
  4 fungi
  A plant (Lair:6)
674 creatures vanquished.

Vanquished Creatures (collateral kills)
  Nessos (D:15)
  Josephine (Lair:6)
  6 hydras
  A death knight (D:12)
  2 death yaks (Lair:5)
  An orc knight (D:15)
  A manticore (Lair:6)
  A cyclops (D:12)
  A deep elf mage (D:15)
  5 elephants
  A black mamba (Lair:2)
  5 spiny frogs
  A centaur skeleton (D:14)
  4 komodo dragons
  2 rime drakes
  A freezing wraith (D:12)
  2 trolls
  3 hippogriffs
  7 blink frogs
  6 dream sheep (Lair:6)
  3 wraiths
  A spriggan (Lair:3)
  A wyvern (D:12)
  A basilisk (Lair:2)
  23 yaks
  A steam dragon (Lair:4)
  3 two-headed ogre zombies (Orc:1)
  4 swamp worms (Lair:3)
  3 water moccasins
  2 orc warriors
  3 killer bees
  5 wolves
  2 crocodiles (Lair:6)
  2 crimson imps (D:14)
  An orc priest (D:12)
  2 orc wizards
  An iguana (Lair:3)
  5 hell rats (Lair:6)
  An adder (D:11)
  2 ufetubi (D:13)
  5 orcs
  A jackal (D:11)
  A fungus (Lair:6)
  2 plants
127 creatures vanquished.

Vanquished Creatures (others)
  A human (D:14)
  A killer bee (D:6)
  An iguana (D:7)
  A worker ant (D:14)
  13 fungi
  10 plants
27 creatures vanquished.

Grand Total: 828 creatures vanquished You could see a deep elf knight (invisible) and a friendly deep troll zombie.

Levels and vault maps discovered:
D:1:      mrwooster_arrival_arrow, layout_loops_cross, minivault_24
D:2:      layout_rooms, makhleb_blood_cavern_becter, uniq_terence
D:3:      layout_basic, lemuel_coloured_pillars_altar, evilmike_ruin_ashenzari
D:4:      layout_loops_ring, lemuel_doored_altar, kennysheep_donut
D:5:      layout_basic, first_ration, basic_altar
D:6:      layout_rooms, basic_altar, skrybe_limestone_x
D:7:      minmay_the_grid_octo_tiled_octocenter
          [minmay_the_grid_octo_fan_narrow, minmay_the_grid_octo_checkered,
          minmay_the_grid_octo_clover_2, minmay_the_grid_octo_toaster,
          minmay_the_grid_octo_prize_ultimate_mussel_roller,
          minmay_the_grid_square_5x5_comb, minmay_the_grid_square_5x5_n,
          minmay_the_grid_square_5x5_tetrominoes,
          minmay_the_grid_square_5x5_empty], layout_gridville, xom_butterflies,
          old_standard_altar, minmay_temple_entry_junction, serial_glass,
          glass_columns_b, glass_columns_a, glass_columns_a
D:8:      layout_rooms, grunt_ogre_cave
D:9:      layout_long_grid, lair_entry_dummy, uniq_maurice
D:10:     layout_roguey, grunt_qazlal_clouds, uniq_sonja, uniq_joseph
D:11:     layout_layer_cave, minmay_crystal_water
D:12:     layout_layer_cave, david_orc_3
D:13:     cheibrodos_frozen_isle, layout_loops_ring, serial_glass,
          glass_columns_a, glass_columns_a, kennysheep_generic_room_9
D:14:     layout_cave_pools, ximxim_vaults_locker_room,
          chequers_serial_rivers_micro_b, minmay_checkerbox, uniq_kirke
D:15:     hangedman_depths_entry_civil_slaughter, layout_basic,
          minmay_misc_feat_nine_boxes, uniq_nessos, uniq_jorgrun
Lair:1:   layout_cave_pods, gammafunk_ghost_ooze
Lair:2:   layout_loops_ring, grunt_megastairs_5
Lair:3:   wad_woods_settlement, layout_regular_city, palyth_hydra_swamp_entry,
          dummy_spider_entry
Lair:4:   layout_cave_pods, lemuel_fruit_fields, grunt_megastairs_2
Lair:5:   layout_cave_pods
Lair:6:   evilmike_catoblepas_cave, layout_gridlike, slime_altar_1,
          lemuel_fruit_tree, lemuel_fruit_fields, grunt_megastairs_3,
          uniq_josephine
Orc:1:    lemuel_ogre_cave, layout_caves, gammafunk_ghost_berserking_beasts,
          serial_shops, shop
Orc:2:    st_orc_ogre_mass, layout_caves, uniq_azrael
